 Dungeon Crawl Stone Soup version 0.31-a0-986-g5e6e4ef867 (webtiles) character file.

Game seed: 6504489138231997964

410 Dordric the Changeling (level 6, -4/54 HPs)
             Began as a Troll Shapeshifter on Nov 7, 2023.
             Succumbed to an ogre zombie's poison
             ... on level 4 of the Dungeon.
             The game lasted 00:04:12 (3313 turns).

Dordric the Changeling (Troll Shapeshifter)         Turns: 3313, Time: 00:04:13

Health: -4/54      AC:  4    Str: 25    XL:     6   Next: 58%
Magic:  5/5        EV:  9    Int:  6    God:
Gold:   268        SH:  0    Dex:  9    Spells: 5/5 levels left

rFire   . .          .
                       - Unarmed
rCold   . . .        (no shield)
rNeg    . . .        a - +0 animal skin
rPois   .            (helmet currently unavailable)
rElec   .            (cloak currently unavailable)
rCorr   .            (gloves unavailable)
SInv    .            (boots unavailable)
Will    .....        e - amulet of magic regeneration
Stlth   +            (no ring)
HPRegen 1.09/turn    (no ring)
MPRegen 0.49/turn

%: no passive effects
@: lethally poisoned (-4 -> -42), beast-form
A: beast (slay +4), large, unfitting armour, claws 3, regeneration 1, shaggy fur
1, tough skin 1
a: Begin Untransformation


You were on level 4 of the Dungeon.
You were a hulking beast.
You visited 1 branch of the dungeon, and saw 4 of its levels.

You collected 268 gold pieces.

Inventory:

Armour
 a - a +0 animal skin (worn)
 o - a +0 cloak
Jewellery
 e - an amulet of magic regeneration (around neck)
Talismans
 c - a beast talisman
 d - a flux talisman
Scrolls
 f - a scroll of torment {unknown}
 g - a scroll of identify {unknown}
 i - a scroll of vulnerability
 m - a scroll of noise {unknown}
 n - a scroll of summoning {unknown}
 p - a scroll of teleportation {unknown}
 q - a scroll of enchant weapon
Potions
 b - a potion of lignification
 h - 3 potions of heal wounds {unknown}
 j - a potion of invisibility {unknown}
 k - a potion of magic
 l - 2 potions of curing {unknown}
 r - a potion of haste {unknown}
 s - a potion of ambrosia {unknown}
 t - a potion of resistance


   Skills:
 - Level 0.7 Fighting
 - Level 1.5 Dodging
 + Level 3.0 Unarmed Combat
 - Level 7.0 Shapeshifting


You had 5 spell levels left.
You didn't know any spells.
Your spell library was empty.

Dungeon Overview and Level Annotations

Branches:
Dungeon (4/15)
 Temple: D:4-7

Altars:
Qazlal
Vehumet
Xom

Annotations:
D:4 1 transporter


Innate Abilities, Weirdness & Mutations

You are a hulking beast.
Your limbs bulge with bestial killing power. (Slay +4)
You are too large for most types of armour.
You have claws for hands.
Your natural rate of healing is unusually fast.
You are covered in fur. (AC +1)
You have tough skin. (AC +1)


Message History

You scratch the ogre zombie.
The ogre zombie is heavily damaged.
The orc warrior zombie hits you with a +1 short sword of venom!
The ogre zombie closely misses you.
The orc warrior zombie attacks as it pursues you!
The orc warrior zombie hits you with a +1 short sword of venom.
You claw the orc warrior zombie!
The orc warrior zombie is moderately damaged.
The orc warrior zombie hits you but does no damage.
You claw the orc warrior zombie!
The orc warrior zombie is severely damaged.
You claw the orc warrior zombie!
You destroy the orc warrior zombie!
You claw the ogre zombie!
The ogre zombie is severely damaged.
The ogre zombie hits you with a +0 giant club of venom!
You are poisoned.
You claw the ogre zombie!
The ogre zombie is almost destroyed.
You feel very sick.
You claw the ogre zombie!
You destroy the ogre zombie!
You feel sick.
Training target 7.0 for Shapeshifting reached!
Your Shapeshifting skill increases to level 7!
You need to enable at least one skill for training.
You claw the ogre zombie! x2
The ogre zombie is severely damaged.
You feel sick.
The ogre zombie hits you with a +0 giant spiked club of venom!!
* * * LOW HITPOINT WARNING * * *
You are lethally poisoned!
You are too injured to fight recklessly!
You are too injured to fight recklessly!
You are too injured to fight recklessly!
You are too injured to fight recklessly!
You are too injured to fight recklessly!
You are too injured to fight recklessly!
It was a potion of magic.
Magic courses through your body.
You die...

........##########.......######
..............................#
.........#####....######.####.#
..######.# #.©..# #.# #.#
.........# ######### #.# #.#
.........# #°°☼☼.☼°# #.# #.#
)........# #☼☼○°.○☼# #.# #.#
..).###### #○○#©#°°# #.# #.#
###.## #○☼..h☼°# #.# #.###
#..## #☼☼#Z#°○# #.# #.#.#
####..## #.°...○°# #.# #.#..
.......# ###☼°'### #.# #.#.#
.......# #.°○☼☼..○.# #.# #.#.#
.......# #°°☼○☼..°○# ##.# #.#.#
#####.##
#○○○.....°###..####.#.. #.##
#°○☼$?$..°#......##.### #..#
#°°°?©=°°°#......##.#.(


You could see an ogre zombie.

Vanquished Creatures
  A howler monkey (D:4)
  2 orc priests (D:3)
  A hound (D:4)
  An iguana (D:4)
  2 orc wizards (D:4)
  An ogre zombie (D:4)
  4 gnolls (D:2)
  4 adders
  An orc zombie (D:4)
  A white imp (D:4)
  2 worms
  4 dart slugs
  10 orcs
  3 endoplasms
  A giant cockroach (D:1)
  6 goblins
  5 hobgoblins
  5 jackals
  9 kobolds
  4 quokkas
  7 ball pythons
  5 bats
  4 frilled lizards
  6 rats
89 creatures vanquished.

Notes
Turn   | Place    | Note
-------+----------+-------------------------------------------
     0 | D:1      | Dordric the Troll Shapeshifter began the quest for the Orb.
     0 | D:1      | Reached XP level 1. HP: 18/18 MP: 0/0
   191 | D:1      | Reached XP level 2. HP: 26/26 MP: 1/1
   558 | D:1      | Reached skill level 4 in Shapeshifting
   579 | D:1      | Reached XP level 3. HP: 32/32 MP: 2/2
  1181 | D:2      | Reached XP level 4. HP: 26/40 MP: 3/3
  1208 | D:2      | Reached skill level 5 in Shapeshifting
  1403 | D:2      | Found a faded altar of an unknown god.
  1920 | D:3      | Reached XP level 5. HP: 34/46 MP: 4/4
  2409 | D:4      | Found a stormy altar of Qazlal.
  2441 | D:4      | Reached skill level 6 in Shapeshifting
  2570 | D:4      | Reached XP level 6. HP: 53/54 MP: 5/5
  2762 | D:4      | Found a shimmering altar of Xom.
  2762 | D:4      | Found a radiant altar of Vehumet.
  2828 | D:4      | Found a transporter.
  3023 | D:4      | Found a transporter.
  3312 | D:4      | Reached skill level 7 in Shapeshifting
  3313 | D:4      | Succumbed to an ogre zombie's poison

Illustrated notes

Levels and vault maps discovered:
D:1:      dpeg_arrival_shelter, layout_loops_ring, serial_co_window_serial,
          co_window_paths_a, co_window_corner_a, co_window_of_opportunity_a,
          co_window_paths_b, co_window_of_opportunity_a, co_window_broadway_c,
          co_window_broadway_c, co_window_broadway_a, co_window_paths_c,
          co_window_4corner_a, glass_columns_a
D:2:      wander_river, layout_basic, chequers_ecumenical_altar_lobes,
          kennysheep_big_empty_room, minmay_misc_feat_iff,
          kennysheep_generic_room_2
D:3:      layout_basic
D:4:      gammafunk_cloud_chamber, layout_basic,
          nicolae_qazlal_scattered_showers, gammafunk_temple_overflow_elements

Skill      XL: |  1  2  3  4  5  6 |
---------------+-------------------+-----
Shapeshifting  | 4 5 6 7 |  7.0
Fighting       | |  0.7
Dodging        | |  1.5
Unarmed Combat | |  3.0

Action                     |  1- 3 |  4- 6 || total
---------------------------+-------+-------++-------
  Melee: Unarmed           |    74 |   122 ||   196
         Punch             |     1 |     2 ||     3
    Use: Scroll            |       |     2 ||     2
         Potion            |       |     1 ||     1
   Stab: Sleeping          |     1 |     1 ||     2
 Armour: Animal skin       |    56 |    72 ||   128
  Dodge: Dodged            |    24 |    40 ||    64

Table legend: (Time is in decaauts)
 A = Elapsed time spent in this place.
 B = Non-inter-level travel time spent in this place.
 C = Inter-level travel time spent in this place.
 D = Time resting spent in this place.
 E = Time spent auto-exploring this place.
 F = Levels seen in this place.
 G = Mean time per level.
                   A        B        C        D        E       F      G
               +--------+--------+--------+--------+--------+-----+--------+
         Total |   3301 |   3217 |     84 |    137 |   2538 |   4 |  825.2 |
       Dungeon |   3301 |   3217 |     84 |    137 |   2538 |   4 |  825.2 |
               +--------+--------+--------+--------+--------+-----+--------+

Top non-repeatable levels by time:
     D:1: 949 daAuts
     D:4: 900 daAuts
     D:3: 897 daAuts
     D:2: 554 daAuts
